 Dungeon Crawl Stone Soup version 0.30.1-11-g7821555f0a (webtiles) character file.

Game seed: 925173129551683915

2578 lonewolfV2 the Fighter (level 9, 0/86 HPs)
             Began as a Minotaur Fighter on Nov 5, 2023.
             Slain by a gnoll
             ... wielding a +0 halberd
             ... led by a gnoll bouda
              (8 damage)
             ... on level 7 of the Dungeon.
             The game lasted 00:09:31 (5203 turns).

lonewolfV2 the Fighter (Minotaur Fighter)           Turns: 5203, Time: 00:09:32

Health: 0/86       AC: 18    Str: 22    XL:     9   Next: 32%
Magic:  8/8        EV: 12    Int:  5    God:
Gold:   321        SH:  5    Dex: 13    Spells: 8/8 levels left

rFire   . . .        s - +2 flail (protect)
rCold   . . .        c - +0 buckler
rNeg    . . .        f - +1 chain mail
rPois   .            (helmet restricted)
rElec   .            k - +0 cloak
rCorr   .            (no gloves)
SInv    .            (no boots)
Will    .....        l - amulet of magic regeneration Stlth
                     j - ring of wizardry
HPRegen 0.34/turn    (no ring)
MPRegen 0.51/turn

%: wizardry (x1)
@: mighty, under a protective aura
A: horns 2, retaliatory headbutt
a: no special abilities


You were on level 7 of the Dungeon.
You visited 1 branch of the dungeon, and saw 7 of its levels.

You collected 321 gold pieces.

Inventory:

Hand Weapons
 a - a +1 war axe
 s - a +2 flail of protection (weapon)
Missiles
 n - a throwing net (quivered)
Armour
 c - a +0 buckler (worn)
 f - a +1 chain mail (worn)
 k - a +0 cloak (worn)
Jewellery
 j - a ring of wizardry (left hand)
 l - an amulet of magic regeneration (around neck)
Scrolls
 e - 2 scrolls of fog
 g - a scroll of immolation
 h - 2 scrolls of vulnerability
 p - a scroll of teleportation
 u - a scroll of summoning
 w - 3 scrolls of enchant armour
Potions
 b - a potion of brilliance {unknown}
 d - a potion of might
 i - a potion of attraction {unknown}
 m - 3 potions of invisibility
 o - a potion of flight {unknown}
 q - a potion of mutation
 r - 5 potions of heal wounds {unknown}
 t - a potion of lignification {unknown}
 x - a potion of haste


   Skills:
 + Level 10.6 Fighting
 - Level 2.5 Axes
 - Level 3.7 Armour
 - Level 10.4 Dodging
 - Level 3.7 Shields


You had 8 spell levels left.
You didn't know any spells.
Your spell library contained the following spells:

 Spells                   Type           Power      Damage    Failure   Level
 Foxfire                  Conj/Fire      0%         2x1d4     82%         1
 Slow                     Hex            0%         N/A       82%         1
 Sting                    Tmut/Pois      0%         1d3       82%         1
 Poisonous Vapours        Pois/Air       0%         N/A       91%         2
 Confusing Touch          Hex            0%         N/A       99%         3
 Ozocubu's Armour         Ice            0%         N/A       99%         3
 Vampiric Draining        Necr           0%         2d6       99%         3
 Olgreb's Toxic Radiance  Pois           0%         N/A       100%        4
 Summon Lightning Spire   Summ/Air       0%         N/A       100%        4
 Fireball                 Conj/Fire      0%         3d3       100%        5
 Plasma Beam              Fire/Air       0%         2x1d11    100%        6
 Starburst                Conj/Fire      0%         6d3       100%        6
 Ozocubu's Refrigeration  Ice            0%         4d7       100%        7
 Storm Form               Tmut/Air       0%         N/A       100%        7
 Maxwell's Capacitive Co  Air            0%         ∞         100%        8


Dungeon Overview and Level Annotations

Branches:
Dungeon (7/15)
 Temple: D:4-7

Altars:
Ashenzari
Elyvilon
Gozag
Makhleb
Ru
Sif Muna
Wu Jian
Zin

Shops:
D:5 :   D:7 [


Innate Abilities, Weirdness & Mutations

You have a pair of horns on your head.
You reflexively headbutt those who attack you in melee.


Message History

You sock the human!
The human is heavily wounded.
The gnoll hits you but does no damage. The human hits you but does no damage.
The gnoll misses you. You block the gnoll's attack.
The gnoll hits you but does no damage. You block the gnoll's attack.
The gnoll misses you. The gnoll hits you with a +0 club.
* * * LOW HITPOINT WARNING * * *
The gnoll hits you but does no damage. The human hits you with a +0 club.
* * * LOW HITPOINT WARNING * * *
You closely miss the human. Your headbutt misses the human.
The human is heavily wounded.
You block the human's attack.
The gnoll hits you but does no damage. x2
The gnoll misses you. The gnoll barely misses you.
You hit the gnoll.
The gnoll is lightly wounded.
The human hits you with a +0 club.
* * * LOW HITPOINT WARNING * * *
The gnoll hits you but does no damage. x2; You block the gnoll's attack.
The gnoll barely misses you. The gnoll misses you. The gnoll barely misses you.
The human completely misses you. You furiously retaliate!
You headbutt the human.
The gnoll hits you but does no damage. x2
You hit the gnoll.
The gnoll is moderately wounded.
The human hits you with a +0 club.
* * * LOW HITPOINT WARNING * * *
The gnoll hits you but does no damage. The gnoll barely misses you.
A human comes into view. It is wielding a +0 mace.
The gnoll hits you but does no damage.
The gnoll hits you from afar with a +0 halberd.
* * * LOW HITPOINT WARNING * * *
The human shouts!
You sock the gnoll!
You kill the gnoll!
The human misses you.
The gnoll hits you but does no damage. x2
The gnoll misses you.
You feel very mighty all of a sudden. The human hits you but does no damage.
The gnoll hits you with a +0 whip.
* * * LOW HITPOINT WARNING * * *
The gnoll hits you from afar with a +0 halberd!
You die...

#####.##.... ## ## .#
##########.. .. .. .
##.....###.#.
...#.##.##...⌠...#####
..#... #.._..._..#.#.
..p.. #....#....##..
#gg###.⌠.###.⌠.##..
#pg.#....##...##..
#@).#.._..#...##..
#...##....#...##..
#.⌠.###.⌠.#..###..
#..(.#....#.......
#.._..._..#.......
##...⌠...##.......
##.....####.###..
####### #.#....
..#....


You could see 2 humans and 3 gnolls.

Vanquished Creatures
  Prince Ribbit (D:6)
  Sigmund (D:6)
  A human (D:7)
  Edmund (D:6)
  2 black bears
  An orc warrior (D:6)
  2 ice beasts
  An ogre (D:6)
  A phantom (D:5)
  A kobold brigand (D:4)
  A bullfrog (D:7)
  3 scorpions
  3 jellies
  7 orc priests
  A gnoll bouda (D:5)
  4 hounds
  A sleepcap (D:7)
  5 iguanas
  4 orc wizards
  11 gnolls
  10 adders
  A shadow imp (D:6)
  3 white imps
  An ufetubus (D:7)
  3 dart slugs
  22 orcs
  10 ball pythons
  3 endoplasms
  4 giant cockroaches
  9 goblins
  2 hobgoblins (D:4)
  7 jackals
  28 kobolds
  3 quokkas
  7 bats
  3 frilled lizards (D:3)
  3 rats
171 creatures vanquished.

Notes
Turn   | Place    | Note
-------+----------+-------------------------------------------
     0 | D:1      | lonewolfV2 the Minotaur Fighter began the quest for the
                  | Orb.
     0 | D:1      | Reached XP level 1. HP: 19/19 MP: 0/0
    72 | D:1      | Reached skill level 1 in Dodging
    72 | D:1      | Reached XP level 2. HP: 25/27 MP: 1/1
   603 | D:2      | Reached XP level 3. HP: 33/33 MP: 2/2
   630 | D:2      | You fall into a shaft and drop 1 floor!
   971 | D:3      | Reached XP level 4. HP: 30/41 MP: 3/3
  1101 | D:3      | Noticed a black bear
  1108 | D:3      | Killed a black bear
  1109 | D:3      | Reached skill level 5 in Fighting
  1109 | D:3      | Reached XP level 5. HP: 41/48 MP: 4/4
  1655 | D:4      | Reached skill level 5 in Dodging
  1655 | D:4      | Reached XP level 6. HP: 35/56 MP: 5/5
  2196 | D:4      | Reached XP level 7. HP: 60/63 MP: 6/6
  2692 | D:5      | Entered Level 5 of the Dungeon
  2809 | D:5      | HP: 3/66 [gnoll/+0 spear[a gnoll bouda] (4)]
  3498 | D:5      | Reached XP level 8. HP: 73/73 MP: 7/7
  3612 | D:5      | Found Tyguac's Self-Improvement Boutique.
  3672 | D:5      | Found an ornate altar of the Wu Jian Council.
  3845 | D:6      | Noticed Prince Ribbit
  3847 | D:6      | Noticed Sigmund
  3861 | D:6      | Killed Sigmund
  3879 | D:6      | Killed Prince Ribbit
  4248 | D:6      | Noticed Edmund
  4268 | D:6      | Killed Edmund
  4269 | D:6      | Reached skill level 10 in Dodging
  4608 | D:6      | Reached XP level 9. HP: 60/82 MP: 8/8
  4734 | D:6      | Found an opulent altar of Gozag.
  4848 | D:6      | Found a shimmering blue altar of Sif Muna.
  5001 | D:7      | Found Ceroluil's Antique Armour Shop.
  5108 | D:7      | Reached skill level 10 in Fighting
  5143 | D:7      | Found a sacrificial altar of Ru.
  5150 | D:7      | Found a white marble altar of Elyvilon.
  5153 | D:7      | Found a broken altar of Ashenzari.
  5153 | D:7      | Found a burning altar of Makhleb.
  5160 | D:7      | Found a glowing silver altar of Zin.
  5203 | D:7      | Slain by a gnoll

Illustrated notes

Levels and vault maps discovered:
D:1:      zaba_arrival_water, layout_rooms, serial_bayou_pond_c
D:2:      layout_rooms, corexii_shack, uniq_crazy_yiuf_cottage
D:3:      layout_loops_ring
D:4:      kennysheep_kobold_camp, layout_basic, hangedman_decor_riveting,
          kennysheep_decorative_pillar, kennysheep_generic_room_13
D:5:      layout_rooms, pdpol_wu_jian_five_deadly_venoms, nicolae_shop_self_help
D:6:      layout_gridville, mainiacjoe_overflow_chevrons, led_sif_pool,
          minmay_between, uniq_sigmund, uniq_edmund, uniq_prince_ribbit1
D:7:      old_forge, layout_loops_cross, nicolae_overflow_hallway_of_the_gods,
          minmay_temple_entry_ruins, serial_shops, shop, enter_ossuary_5,
          minmay_ruffians, uniq_joseph

Skill      XL: |  1  2  3  4  5  6  7  8  9 |
---------------+----------------------------+-----
Dodging        | 1 2 3 4 5 6 8 10 | 10.4
Fighting       | 4 5 6 7 8 10 | 10.6
Axes           | |  2.5
Armour         | |  3.7
Shields        | |  3.7

Action                     |  1- 3 |  4- 6 |  7- 9 || total
---------------------------+-------+-------+-------++-------
  Melee: War axe           |    86 |    92 |   132 ||   310
         Headbutt          |     7 |    15 |    41 ||    63
         Flail             |       |       |   110 ||   110
    Use: Scroll            |       |    10 |     5 ||    15
         Potion            |       |       |     3 ||     3
 Armour: Scale mail        |    15 |       |       ||    15
         Chain mail        |    52 |    77 |   182 ||   311
  Dodge: Dodged            |    50 |    63 |   198 ||   311
  Block: Buckler           |    29 |    27 |    97 ||   153
